 Dungeon Crawl Stone Soup version 0.18-a0-1243-g9e52518 (webtiles) character file.

70 Gagarin the Ogre Mage (level 4, -3/42 HPs)
             Began as an Ogre Wizard on Feb 5, 2016.
             Slain by nuthulu's ghost (8 damage)
             ... on level 3 of the Dungeon.
             The game lasted 00:09:39 (2344 turns).

Gagarin the Ogre Mage (Ogre Wizard)                 Turns: 2344, Time: 00:09:39

Health: -3/42      AC:  3    Str: 12    XL:     4   Next: 22%
Magic:  10/10      EV: 10    Int: 18    God:
Gold:   28         SH:  0    Dex: 13    Spells: 3 memorised, 6 levels left

rFire  . . .     SeeInvis .     q - +0 great mace
rCold  . . .     Gourm    .     a - +0 robe
rNeg   . . .     Faith    .     (shield currently unavailable)
rPois  .         Spirit   .     b - +0 hat
rElec  .         Dismiss  .     (no cloak)
rCorr  .         Reflect  .     (gloves unavailable)
SustAt .         Harm     .     (boots unavailable)
MR     .....                    (no amulet)
Stlth  +++.......               (no ring)
                                (no ring)

@: agile, not resistant to hostile enchantments, fairly stealthy
A: unfitting armour, tough skin 1
a: no special abilities


You were on level 3 of the Dungeon.
You were hungry.

You visited 1 branch of the dungeon, and saw 3 of its levels.

You collected 28 gold pieces.

Inventory:

Hand Weapons
 e - a +0 whip
 j - a +0 club
 q - a +0 great mace (weapon)
Armour
 a - a +0 robe (worn)
 b - a +0 hat (worn)
Scrolls
 g - a scroll of fear {unknown}
 h - 3 scrolls of identify {unknown}
 l - a scroll of remove curse {unknown}
 m - a scroll of enchant weapon {unknown}
 o - a scroll of immolation {unknown}
Potions
 i - a potion of agility
 k - a potion of haste {unknown}
 n - a potion of lignification {unknown}
Books
 c - a book of Minor Magic

   Spells                             Type                      Level
   a - Magic Dart                     Conjuration                  1
   b - Blink                          Translocation                2
   c - Call Imp                       Summoning                    2
   d - Repel Missiles                 Charms/Air                   2
   e - Slow                           Hexes                        2
   f - Conjure Flame                  Conjuration/Fire             3
   g - Mephitic Cloud                 Conjuration/Poison/Air       3
Comestibles
 d - 2 bread rations
 p - 3 fruits


   Skills:
 + Level 1.8 Fighting
 + Level 0.6 Maces & Flails
 + Level 2.1 Dodging
 + Level 1.7 Stealth
 + Level 4.5 Spellcasting
 + Level 1.2 Conjurations
   Level 0.6 Summonings
   Level 0.6 Translocations


You had 6 spell levels left.
You knew the following spells:

 Your Spells              Type           Power        Failure   Level  Hunger
a - Magic Dart            Conj           #...         12%         1    None
b - Repel Missiles        Chrm/Air       #.....       21%         2    #......
c - Mephitic Cloud        Conj/Pois/Air  #.......     34%         3    ###....


Dungeon Overview and Level Annotations

Branches:
Dungeon (3/15)

Altars:

Annotations:
D:3 nuthulu's ghost, amateur GrFi


Innate Abilities, Weirdness & Mutations

You are too large for most types of armour.
You have tough skin (AC +1).


Message History

Nuthulu's ghost is severely damaged.
Nuthulu's ghost hits you but does no damage.
Nuthulu's ghost hits you!
You hit nuthulu's ghost but do no damage.
Nuthulu's ghost is severely damaged.
Nuthulu's ghost hits you.
* * * LOW HITPOINT WARNING * * *
Nuthulu's ghost hits you.
* * * LOW HITPOINT WARNING * * *
Drink which item? (? for menu, Esc to quit)
It was a potion of agility.
You feel agile all of a sudden. Nuthulu's ghost hits you!
* * * LOW HITPOINT WARNING * * *
Nuthulu's ghost shrieks, "To die, to sleep, no more."
Found 17 sling bullets.
Found an escape hatch in the ceiling.
There is an escape hatch in the ceiling here.
Nuthulu's ghost hits you!
You die...

####.#########
#.............#.....
##.#.########......
#..#........#.....
##'##.............
##...##.#####.....
##.....### #....#
#.8...8.## #....#
.#.....#.## #..@.#
..8...8...####..W.#####
..........'.............
..8...8...#####.#.#####.
.#.....#.##.......#
#.8...8.##.#....#.#
##.....###.#(######
##...## #.#.# ##'##
#.#..


You could see nuthulu's ghost.

Vanquished Creatures
  2 adders
  2 oozes (D:1)
  2 worms
  2 giant geckos
  2 giant cockroaches (D:1)
  8 hobgoblins
  4 bats
  4 giant newts (D:2)
  4 goblins
  5 kobolds
  3 rats
38 creatures vanquished.

Notes
Turn   | Place    | Note
--------------------------------------------------------------
     0 | D:1      | Gagarin the Ogre Wizard began the quest for the Orb.
     0 | D:1      | Reached XP level 1. HP: 16/16 MP: 5/5
    79 | D:1      | Reached skill level 4 in Spellcasting
    79 | D:1      | Reached XP level 2. HP: 18/26 MP: 5/7
   877 | D:1      | Reached XP level 3. HP: 18/32 MP: 5/8
   881 | D:1      | Learned a level 2 spell: Repel Missiles
   999 | D:1      | Reached skill level 1 in Conjurations
  1095 | D:2      | Reached skill level 1 in Fighting
  1932 | D:3      | Reached XP level 4. HP: 36/41 MP: 5/10
  1961 | D:3      | Learned a level 3 spell: Mephitic Cloud
  2305 | D:3      | Noticed nuthulu's ghost (amateur GrFi)
  2344 | D:3      | Slain by nuthulu's ghost

Vault maps used:
D:1:      roderic_octagonal_star, monster_avoids_cloud
D:3:      lemuel_doored_altar, dk_noncrumbling_3, uniq_robin, uniq_grinder

Action                   |  1- 3 |  4- 6 || total
-------------------------+-------+-------++-------
Melee: Whip              |    76 |    33 ||   109
       Great mace        |       |     6 ||     6
 Cast: Magic Dart        |    45 |    13 ||    58
  Use: Potion            |       |     1 ||     1
 Stab: Sleeping          |     2 |       ||     2
  Eat: Chunk             |     3 |     1 ||     4
